 Dungeon Crawl Stone Soup version 0.22.0-75-g3901e79 (webtiles) character file.

6 troglodite the Digger (level 1, -2/10 HPs)
             Began as a Gargoyle Earth Elementalist on Sept 14, 2018.
             Slain by a hobgoblin
             ... wielding a +0 club
              (5 damage)
             ... on level 1 of the Dungeon.
             The game lasted 00:01:03 (423 turns).

troglodite the Digger (Gargoyle Earth Elementalist)  Turns: 423, Time: 00:01:03

Health: -2/10      AC:  4    Str: 11    XL:     1   Next: 90%
Magic:  3/3        EV: 12    Int: 15    God:
Gold:   0          SH:  0    Dex: 10    Spells: 3/4 levels left

rFire    . . .     SeeInvis .   (no weapon)
rCold    . . .     Gourm    .   (no shield)
rNeg     + . .     Faith    .   c - +0 robe
rPois    ∞         Spirit   .   (no helmet)
rElec    +         Reflect  .   (no cloak)
rCorr    .         Harm     .   (no gloves)
MR       .....                  (no boots)
Stlth    ++........             (no amulet)
HPRegen  0.03/turn              (no ring)
MPRegen  0.08/turn              (no ring)

@: no status effects
A: negative energy resistance 1, electricity resistance, unbreathing,
petrification resistance, rot immunity, AC +2
a: no special abilities


You were on level 1 of the Dungeon.
You were not hungry.

You visited 1 branch of the dungeon, and saw 1 of its levels.

Inventory:

Missiles
 b - 30 stones (quivered)
Armour
 c - a +0 robe (worn)
Potions
 a - a potion of haste {unknown}
 e - a potion of agility {unknown}
Comestibles
 d - 2 rations
 f - a chunk of flesh


   Skills:
 + Level 1.5 Dodging
 + Level 2.3 Stealth
 + Level 2.0 Spellcasting
   Level 0.7 Transmutations
 + Level 4.1 Earth Magic


You had 3 spell levels left.
You knew the following spells:

 Your Spells              Type           Power        Failure   Level  Hunger
a - Sandblast             Erth           ##....       4%          1    #......

Your spell library contained the following spells:

 Spells                   Type           Power        Failure   Level  Hunger
 Passwall                 Tmut/Erth      #.......     13%         2    ###....
 Stone Arrow              Conj/Erth      #.....       28%         3    ###....
 Petrify                  Tmut/Erth      #.......     63%         4    #####..
 Lee's Rapid Deconstruct  Erth           ##........   75%         5    ######.


Dungeon Overview and Level Annotations

Branches:
Dungeon (1/15)

Altars:


Innate Abilities, Weirdness & Mutations

You are resistant to torment.
Your stone body is resilient. (AC +2)
You are immune to poison.
You resist negative energy. (rN+)
You are resistant to electric shocks. (rElec)
You can survive without breathing.
You are immune to petrification.
You are immune to rotting.


Message History

The hobgoblin hits you but does no damage.
You closely miss the hobgoblin. The hobgoblin hits you.
You hit the hobgoblin but do no damage. The hobgoblin barely misses you.
You hit the hobgoblin but do no damage. The bat completely misses you.
The hobgoblin hits you but does no damage.
The bat hits you but does no damage. The hobgoblin barely misses you.
You hit the hobgoblin but do no damage. The bat hits you but does no damage.
The hobgoblin closely misses you.
You hit the hobgoblin but do no damage. The bat barely misses you.
The hobgoblin hits you with a club.
* * * LOW HITPOINT WARNING * * *
The hobgoblin barely misses you.
You closely miss the hobgoblin. The bat hits you but does no damage.
The hobgoblin barely misses you. The hobgoblin closely misses you.
A dart slug comes into view.
You barely miss the hobgoblin. The bat hits you but does no damage.
The hobgoblin hits you but does no damage.
The hobgoblin hits you with a club.
Ouch! That really hurt!
You die...

......!
#..............
.......#
#.......###...
.....# #.......#
#... .(..#
#.....÷.# #... #..#
#.......# ####
#######.###.......#
.w................#
.#....g..#.####.##
#...g@b.#.# #.#
#..[....#.# #.#
....#####.#.# ###
#.# #...# ## .
##..# #. ..# #. ..#
#. ... ##


You could see a dart slug (wandering), 2 hobgoblins and a bat.

Vanquished Creatures
  A dart slug (D:1)
  A goblin (D:1)
  A hobgoblin (D:1)
  A rat (D:1)
4 creatures vanquished.

Notes
Turn   | Place    | Note
-------+----------+-------------------------------------------
     0 | D:1      | troglodite the Gargoyle Earth Elementalist began the quest
                  | for the Orb.
     0 | D:1      | Reached XP level 1. HP: 10/10 MP: 3/3
   227 | D:1      | Reached skill level 4 in Earth Magic
   423 | D:1      | Slain by a hobgoblin

Skill      XL: |  1 |
---------------+----+-----
Earth Magic    | 4 |  4.1
Dodging        | |  1.5
Stealth        | |  2.3
Spellcasting   | |  2.0
Transmutations | |  0.7

Action                   || total
-------------------------++-------
Melee: Unarmed           ||    39
 Stab: Sleeping          ||     1
Armor: Robe              ||    15
Dodge: Dodged            ||    22
